 Dungeon Crawl Stone Soup version 0.24-a0-181-gd121a6d (webtiles) character file.

Game seed: 10883870910951759814

14771 Dfrag the Covert (level 12, -12/88 HPs)
             Began as a Naga Fire Elementalist on Mar 14, 2019.
             Was an Elder of Vehumet.
             Hit by a large rock thrown by a cyclops (19 damage)
             ... on level 12 of the Dungeon.
             The game lasted 00:18:56 (11917 turns).

Dfrag the Covert (Naga Fire Elementalist)          Turns: 11917, Time: 00:18:57

Health: -12/88     AC:  8    Str: 11    XL:     12   Next: 20%
Magic:  13/25      EV: 10    Int: 21    God:    Vehumet [****..]
Gold:   212        SH:  0    Dex: 11    Spells: 13/30 levels left

rFire    + . .     SeeInvis +   h - +3 war axe
rCold    + . .     Gourm    .   (no shield)
rNeg     . . .     Faith    .   u - +1 robe {Archmagi}
rPois    +         Spirit   .   t - +1 hat
rElec    .         Reflect  .   A - scarf {rC+ rF+}
rCorr    +         Harm     .   y - +0 pair of gloves
MR       +....                  (no barding)
Stlth    +++++.....             (no amulet)
HPRegen  0.24/turn              (no ring)
MPRegen  0.19/turn              n - ring of resist corrosion

@: very slow
A: large, see invisible, deformed body, poison resistance, slowness 2, slow
metabolism 1, spit poison 1, AC +4
a: Spit Poison, Renounce Religion


You were on level 12 of the Dungeon.
You worshipped Vehumet.
Vehumet was greatly pleased with you.
You were very hungry.

You visited 2 branches of the dungeon, and saw 13 of its levels.

You collected 598 gold pieces.
You spent 386 gold pieces at shops.

Inventory:

Hand Weapons
 h - a +3 war axe (weapon)
 r - a +1 dagger of venom
Armour
 a - a +0 robe
 t - a +1 hat (worn)
 u - a +1 robe of the Archmagi (worn)
 y - a +0 pair of gloves (worn)
 A - a scarf of resistance (worn)
 F - a +0 troll leather armour
Jewellery
 n - a ring of resist corrosion (right hand)
Wands
 b - a wand of paralysis (9)
 l - a wand of digging (4)
 p - a wand of iceblast (13)
 q - a wand of polymorph (7)
 v - a wand of scattershot (6)
 B - a wand of flame (11)
 C - a wand of acid (8)
 M - a wand of random effects (29)
Scrolls
 e - 5 scrolls of teleportation
 i - 3 scrolls of magic mapping
 m - 4 scrolls of enchant weapon
 o - a scroll of blinking
 D - a scroll of brand weapon
 E - 4 scrolls of remove curse
 G - a scroll of fear {unknown}
 H - 2 scrolls of amnesia {unknown}
 K - a scroll of acquirement {unknown}
Potions
 d - 2 potions of flight
 f - 2 potions of haste
 g - 4 potions of curing
 j - 3 potions of lignification
 k - 4 potions of cancellation
 s - 3 potions of berserk rage
 w - a potion of might {unknown}
 x - a potion of magic
 z - a potion of brilliance
 I - 2 potions of mutation {unknown}
 L - a potion of ambrosia {unknown}
Comestibles
 c - 26 rations


   Skills:
 - Level 1.5 Dodging
 - Level 11.2 Stealth
 + Level 9.9 Spellcasting
 + Level 10.5 Conjurations
 + Level 10.9 Fire Magic


You had 13 spell levels left.
You knew the following spells:

 Your Spells              Type           Power        Failure   Level  Hunger
a - Flame Tongue          Conj/Fire      #####        1%          1    None
b - Conjure Flame         Conj/Fire      ######..     1%          3    None
c - Sticky Flame          Conj/Fire      ######..     1%          4    ##.....
d - Fireball              Conj/Fire      ######....   1%          5    ####...
e - Airstrike             Air            ###.......   17%         4    ##.....

Your spell library contained the following spells:

 Spells                   Type           Power        Failure   Level  Hunger
 Lee's Rapid Deconstruct  Erth           ###.......   41%         5    ####...
 Throw Flame              Conj/Fire      ######       1%          2    None
 Inner Flame              Hex/Fire       ######..     1%          3    None
 Animate Skeleton         Necr           N/A          7%          1    None
 Infusion                 Chrm           ###.         7%          1    None
 Pain                     Necr           ###.         7%          1    None
 Shroud of Golubria       Chrm/Tloc      ###.......   10%         2    None
 Song of Slaying          Chrm           ###.....     10%         2    None
 Regeneration             Chrm/Necr      ###.......   21%         3    None
 Spectral Weapon          Hex/Chrm       ###.....     21%         3    None
 Vampiric Draining        Necr           ###.......   21%         3    None
 Animate Dead             Necr           N/A          54%         4    ##.....


Dungeon Overview and Level Annotations

Branches:
Dungeon (12/15)            Temple (1/1) D:6            Lair (0/6) D:8
    Orc (0/2) D:10

Altars:
Dithmenos
Elyvilon
Fedhas
Hepliaklqana
Kikubaaqudgha
Nemelex Xobeh
Okawaru
Sif Muna
Trog
Vehumet
Wu Jian
Yredelemnul
Zin
The Shining One

Shops:
D:6 (   D:9 ?   D:10 (

Annotations:
D:9 3 runed translucent doors, arlandor's ghost, novice DrAK
D:12 Jorgrun


Innate Abilities, Weirdness & Mutations

You cannot wear boots.
Your serpentine skin is tough. (AC +4)
You have supernaturally acute eyesight. (SInv)
Armour fits poorly on your strangely shaped body.
Your system is resistant to poisons. (rPois)
You cover ground very slowly.
You have a slow metabolism.
You can spit poison.


Message History

Ouch! That really hurt!
* * * LOW HITPOINT WARNING * * *
A vampire mosquito comes into view.
You see here a large rock.
As you read the scroll of teleportation, it crumbles to dust.
You feel strangely unstable.
Unknown command.
The vampire mosquito bites you but does no damage.
Some rock shatters into small pieces.
A bullfrog comes into view.
The vampire mosquito bites you!
* * * LOW HITPOINT WARNING * * *
The vampire mosquito draws strength from your injuries!
The vampire mosquito bites you.
* * * LOW HITPOINT WARNING * * *
The vampire mosquito draws strength from your injuries!
The vampire mosquito closely misses you.
Your surroundings suddenly seem different.
The cyclops throws a large rock.
The large rock hits you!!
You die...

.†.$..####
##....?..?g.y.##
#.......$.##y(.#####
#............[...##.
#.......C.####(#....
#.........# #....##
#.........# #.....#
#.%.....# #........
#@....# #.###.###
##.#### # #.# .# #..
.# ### .# .# .# .#


You could see Jorgrun and a cyclops.

Vanquished Creatures
  A hydra (D:8)
  Harold (D:8)
  Erolcha (D:11)
  2 two-headed ogres
  2 ugly things
  A manticore (D:12)
  A centaur zombie (D:11)
  A centaur skeleton (D:12)
  A kobold demonologist (D:11)
  2 komodo dragons
  A troll (D:10)
  2 hornets
  Grinder (D:5)
  2 dream sheep (D:8)
  A hippogriff (D:8)
  2 basilisks (D:8)
  4 humans (D:6)
  14 yaks
  A vampire mosquito (D:12)
  A hungry ghost (D:8)
  A water moccasin (D:8)
  4 orc warriors
  3 ice beasts
  An ogre (D:5)
  2 sky beasts
  3 black bears
  4 centaurs
  5 big kobolds
  5 bullfrogs
  2 scorpions
  11 wights
  2 howler monkeys (D:6)
  2 jellies
  5 crimson imps
  5 hounds
  7 orc priests
  A bullfrog skeleton (D:11)
  An iguana (D:6)
  10 worker ants
  9 orc wizards
  A killer bee zombie (D:7)
  A hound zombie (D:10)
  13 gnolls
  A howler monkey skeleton (D:4)
  9 adders
  4 shadow imps
  An ooze (D:3)
  3 adder skeletons
  A worm (D:2)
  3 dart slugs
  5 leopard geckos
  47 orcs
  2 ball pythons
  13 bats
  6 giant cockroaches
  9 goblins
  5 hobgoblins
  25 jackals
  6 quokkas
  5 frilled lizards
  19 kobolds
  A quokka zombie (D:8)
  9 rats
  A plant (D:8)
315 creatures vanquished.

Vanquished Creatures (others)
  An orc (D:5)
  4 plants (D:8)
5 creatures vanquished.

Grand Total: 320 creatures vanquished

Notes
Turn   | Place    | Note
-------+----------+-------------------------------------------
     0 | D:1      | Dfrag the Naga Fire Elementalist began the quest for the
                  | Orb.
     0 | D:1      | Reached XP level 1. HP: 15/15 MP: 3/3
   108 | D:1      | Reached XP level 2. HP: 4/22 MP: 0/5
   426 | D:1      | Reached XP level 3. HP: 12/28 MP: 1/6
   854 | D:2      | Reached XP level 4. HP: 31/36 MP: 4/8
   859 | D:2      | Learned a level 3 spell: Conjure Flame
   864 | D:2      | Learned a level 4 spell: Sticky Flame
  1180 | D:2      | Found a white marble altar of Elyvilon.
  1692 | D:3      | Reached XP level 5. HP: 40/42 MP: 3/9
  2278 | D:4      | Noticed a black bear
  2287 | D:4      | Killed a black bear
  2287 | D:4      | Reached XP level 6. HP: 16/49 MP: 1/11
  2545 | D:4      | Found a glowing silver altar of Zin.
  2545 | D:4      | Found a hazy altar of Hepliaklqana.
  2702 | D:5      | Entered Level 5 of the Dungeon
  3312 | D:5      | Noticed an ice beast
  3324 | D:5      | Killed an ice beast
  3324 | D:5      | Reached skill level 5 in Fire Magic
  3324 | D:5      | Reached XP level 7. HP: 43/55 MP: 2/13
  3508 | D:5      | Found a shadowy altar of Dithmenos.
  3853 | D:5      | Noticed Grinder
  3855 | D:5      | Paralysed by Grinder for 5 turns
  3900 | D:5      | Killed Grinder
  3900 | D:5      | Reached skill level 5 in Spellcasting
  3900 | D:5      | Reached skill level 5 in Conjurations
  3900 | D:5      | Reached XP level 8. HP: 32/62 MP: 4/15
  4149 | D:6      | You fall through a shaft!
  4484 | D:6      | Found a staircase to the Ecumenical Temple.
  4504 | Temple   | Entered the Ecumenical Temple
  4537 | Temple   | Became a worshipper of Vehumet
  5115 | D:6      | Reached XP level 9. HP: 20/68 MP: 1/18
  5469 | D:6      | Found Akhloppus's Antique Weapon Emporium.
  5479 | D:6      | Bought a smoking hand axe for 232 gold pieces
  5479 | D:6      | Identified the +4 hand axe "Loninlei" {antimagic, Stlth+}
                  | (You bought it in a shop on level 6 of the Dungeon)
  6241 | D:7      | Reached * piety under Vehumet
  6241 | D:7      | Offered knowledge of Freeze by Vehumet.
  6602 | D:7      | Learned a level 5 spell: Fireball
  6816 | D:8      | Found a staircase to the Lair.
  6836 | D:8      | Reached XP level 10. HP: 50/75 MP: 5/21
  7262 | D:8      | Offered knowledge of Sandblast by Vehumet.
  7264 | D:8      | Reached ** piety under Vehumet
  7406 | D:8      | Noticed Harold
  7416 | D:8      | Killed Harold
  7848 | D:8      | Found a blossoming altar of Fedhas.
  8107 | D:8      | Noticed a two-headed hydra
  8115 | D:8      | Killed a three-headed hydra
  8264 | D:9      | Reached XP level 11. HP: 61/81 MP: 9/24
  8270 | D:8      | Reached skill level 10 in Fire Magic
  8548 | D:9      | Found a runed translucent gate.
  8548 | D:9      | Found a runed translucent gate.
  8548 | D:9      | Found a runed translucent gate.
  8562 | D:9      | Found a bloodstained altar of Trog.
  8843 | D:9      | Noticed arlandor's ghost (novice DrAK)
  8917 | D:9      | Found Puyxilut's Magic Scroll Emporium.
  8925 | D:9      | Bought a scroll of identify for 28 gold pieces
  8925 | D:9      | Bought a scroll of identify for 28 gold pieces
  8925 | D:9      | Bought a scroll of identify for 28 gold pieces
  8925 | D:9      | Bought a scroll of identify for 28 gold pieces
  8925 | D:9      | Bought a scroll of teleportation for 42 gold pieces
  9179 | D:10     | Entered Level 10 of the Dungeon
  9348 | D:10     | Found Sumuogua's Antique Weapon Shoppe.
  9395 | D:10     | Offered knowledge of Throw Frost by Vehumet.
  9592 | D:10     | Reached *** piety under Vehumet
  9722 | D:10     | Reached skill level 10 in Conjurations
  9787 | D:10     | Found a staircase to the Orcish Mines.
 10067 | D:11     | Noticed a two-headed ogre
 10070 | D:11     | Killed a two-headed ogre
 10072 | D:11     | Noticed a brown ugly thing
 10086 | D:10     | Killed a brown ugly thing
 10086 | D:10     | Reached skill level 4 in Stealth
 10337 | D:11     | Offered knowledge of Airstrike by Vehumet.
 10337 | D:11     | Reached skill level 5 in Stealth
 10376 | D:11     | Noticed a green ugly thing
 10380 | D:11     | Killed a green ugly thing
 10380 | D:11     | Reached skill level 6 in Stealth
 10489 | D:11     | Reached skill level 7 in Stealth
 10702 | D:11     | Learned a level 4 spell: Airstrike
 10708 | D:11     | Reached skill level 8 in Stealth
 10712 | D:11     | Reached skill level 9 in Stealth
 10894 | D:11     | Noticed Erolcha
 10899 | D:11     | Killed Erolcha
 10899 | D:11     | Reached skill level 10 in Stealth
 11086 | D:11     | Noticed a cyclops
 11234 | D:11     | Reached **** piety under Vehumet
 11288 | D:11     | Reached skill level 11 in Stealth
 11288 | D:11     | Reached XP level 12. HP: 86/88 MP: 1/25
 11495 | D:12     | Noticed a two-headed ogre
 11499 | D:12     | Killed a two-headed ogre
 11909 | D:12     | Noticed Jorgrun
 11912 | D:12     | Offered knowledge of Lee's Rapid Deconstruction by Vehumet.
 11917 | D:12     | Hit by a large rock thrown by a cyclops

Levels and vault maps discovered:
D:1:      wander_arrival_abandoned_jail, layout_loops_corners,
          roderic_malta_cross, minmay_split_cup_large
D:2:      layout_basic, elyvilon_altar_1, cheibrodos_gnoll_hut
D:3:      layout_loops_ring, nrook_campfire
D:4:      black_bear_nest_1, layout_basic, gammafunk_temple_overflow_wave,
          first_ration
D:5:      layout_rooms, lemuel_tele_altar, uniq_grinder
D:6:      layout_loops_corners, minmay_temple_entry_trees, serial_shops,
          nicolae_shop_overgrown_old_shop, grunt_ministairs_5, minmay_ruffians
D:7:      layout_rooms
D:8:      layout_gridville, david_lair_generic, hangedman_ranch
          [blue_anna_fruit_fields], fedhas_altar_4, uniq_harold
D:9:      layout_cave_pools, bloody_trog, serial_shops, shop,
          gammafunk_ghost_icy
D:10:     layout_roguey, orc_0_dummy, serial_shops, shop, minmay_orc_keep
D:11:     layout_rooms, uniq_erolcha
D:12:     layout_rooms, serial_park_tiny_1, uniq_maurice, uniq_jorgrun
Temple:   regret_index_temple_mists

Skill      XL: |  1  2  3  4  5  6  7  8  9 10 11 |
---------------+----------------------------------+-----
Conjurations   | 2 3 4 5 6 8 9 10 | 10.5
Spellcasting   | 3 4 5 6 7 9 |  9.9
Fire Magic     | 4 5 7 8 9 10 | 10.9
Stealth        | 11 | 11.2
Dodging        | |  1.5

Action                   |  1- 3 |  4- 6 |  7- 9 | 10-12 || total
-------------------------+-------+-------+-------+-------++-------
Melee: Unarmed           |    13 |    27 |     6 |       ||    46
       Dagger            |       |       |    59 |       ||    59
       War axe           |       |       |    63 |   100 ||   163
 Cast: Flame Tongue      |    34 |   102 |    95 |    85 ||   316
       Sticky Flame      |       |     4 |    34 |    34 ||    72
       Fireball          |       |       |     2 |    68 ||    70
       Conjure Flame     |       |       |     2 |     2 ||     4
 Abil: Spit Poison       |    26 |    39 |    26 |    10 ||   101
Evoke: Wand              |       |       |       |     3 ||     3
  Use: Scroll            |       |     4 |     8 |     9 ||    21
       Potion            |       |       |     2 |       ||     2
 Stab: Sleeping          |       |       |       |     2 ||     2
  Eat: Chunk             |     1 |    10 |    13 |    24 ||    48
       Ration            |       |       |     1 |     2 ||     3
Armor: Robe              |     8 |    19 |    62 |    99 ||   188
Dodge: Dodged            |    20 |    58 |   118 |   119 ||   315

Table legend:
 A = Non-vault XP
 B = Vault XP
 C = Vault XP percentage of total XP
 D = Non-vault monster count
 E = Vault monster count
 F = Vault count percentage of total count
                 A         B        C        D         E       F
            +---------+---------+-------+---------+---------+-------
      Total |   14532 |    6570 |  31.1 |     277 |      37 |  11.8
            +---------+---------+-------+---------+---------+-------
        D:1 |      45 |       9 |  16.7 |      26 |       4 |  13.3
        D:2 |      63 |      18 |  22.2 |      28 |       3 |   9.7
        D:3 |     126 |       0 |   0.0 |      29 |       0 |   0.0
        D:4 |      53 |     121 |  69.5 |       7 |       1 |  12.5
        D:5 |     525 |     277 |  34.5 |      17 |       1 |   5.6
        D:6 |    1002 |     848 |  45.8 |      32 |       5 |  13.5
        D:7 |     832 |       0 |   0.0 |      26 |       0 |   0.0
        D:8 |    1138 |    4061 |  78.1 |      26 |      13 |  33.3
        D:9 |    1483 |       0 |   0.0 |      24 |       0 |   0.0
       D:10 |    2180 |     277 |  11.3 |      22 |       9 |  29.0
       D:11 |    4652 |     959 |  17.1 |      33 |       1 |   2.9
       D:12 |    2433 |       0 |   0.0 |       7 |       0 |   0.0
            +---------+---------+-------+---------+---------+-------
